[Event "VII Lorca Open 2018"]
[Site "Lorca"]
[Date "2018.12.27"]
[Round "3"]
[White "Sreeshwan Maralakshikari"]
[Black "Solozhenkin, Evgeniy"]
[Result "0-1"]
[ECO "E52"]
[WhiteElo "2244"]
[BlackElo "2427"]
[Annotator "NA"]
[PlyCount "78"]
[EventDate "2018.12.26"]
[EventType "swiss"]
[EventCountry "ESP"]
[SourceTitle "playchess.com"]
[Source "ChessBase"]
[SourceQuality "1"]
[TimeControl "5400+30"]

1. d4 Nf6 2. c4 e6 3. Nc3 Bb4 4. e3 O-O 5. Bd3 d5 6. Nf3 b6 7. O-O Bb7 8. cxd5 exd5 9. Bd2 a6 10. Ne5 Bd6 11. Rc1 c5 12. f4 Nc6 13. Na4 c4 14. Bc2 Ne7 15. g4 b5 16. Nc3 Ne4 17. Be1 f6 18. Nf3 Qd7 19. Nh4 Rae8 20. Qf3 g5 21. Ng2 f5 22. gxf5 Nxf5 23. Nxe4 dxe4 24. Qg4 Kh8 25. Bg3 gxf4 26. Bxf4 Rg8 27. Qh3 Rxg2+ 28. Kxg2 Rg8+ 29. Kh1 Ng3+ 30. Qxg3 Rxg3 31. Bxd6 Qxd6 32. hxg3 Qh6+ 33. Kg2 Qxe3 34. Rf8+ Kg7 35. Rcf1 Qd2+ 36. Kg1 Bd5 37. R8f2 Qg5 38. Kh2 e3 39. Rf4 Qh5+ 0-1

[Event "VII Lorca Open 2018"]
[Site "Lorca"]
[Date "2018.12.27"]
[Round "3"]
[White "Martinez Fernandez, Adrian"]
[Black "Luch, Michal"]
[Result "1-0"]
[ECO "B03"]
[WhiteElo "2212"]
[BlackElo "2360"]
[Annotator "NA"]
[PlyCount "97"]
[EventDate "2018.12.26"]
[EventType "swiss"]
[EventCountry "ESP"]
[SourceTitle "playchess.com"]
[Source "ChessBase"]
[SourceQuality "1"]
[TimeControl "5400+30"]

1. e4 Nf6 2. e5 Nd5 3. d4 d6 4. c4 Nb6 5. exd6 cxd6 6. Nc3 g6 7. Be3 Bg7 8. Rc1 O-O 9. b3 Bf5 10. Nge2 Nc6 11. Ng3 Bd7 12. d5 Nb4 13. Qd2 a5 14. Be2 Na6 15. Bh6 Re8 16. Bxg7 Kxg7 17. h4 f6 18. h5 g5 19. h6+ Kh8 20. Nce4 a4 21. Nxg5 Rf8 22. N5e4 axb3 23. axb3 Nc5 24. Nxc5 dxc5 25. Ne4 Qc7 26. Qe3 Rac8 27. O-O Rg8 28. d6 Qd8 29. Nxc5 Bc6 30. Ne4 e5 31. Ng3 Nd7 32. Bd3 Qf8 33. Bf5 Rg5 34. b4 Qxh6 35. b5 Rxg3 36. Qxh6 Rxg2+ 37. Kh1 Rg6+ 38. bxc6 Rxh6+ 39. Kg2 e4 40. Rfd1 Rg8+ 41. Kf1 Ne5 42. c7 Nd3 43. c8=Q Nxc1 44. Qxg8+ Kxg8 45. Rxc1 Rh1+ 46. Ke2 Rxc1 47. d7 Rc2+ 48. Ke1 Rc1+ 49. Kd2 1-0

[Event "VII Lorca Open 2018"]
[Site "Lorca"]
[Date "2018.12.27"]
[Round "3"]
[White "Perez Garcia, Roberto"]
[Black "Serarols Mabras, Bernat"]
[Result "0-1"]
[ECO "E08"]
[WhiteElo "2149"]
[BlackElo "2371"]
[Annotator "NA"]
[PlyCount "76"]
[EventDate "2018.12.26"]
[EventType "swiss"]
[EventCountry "ESP"]
[SourceTitle "playchess.com"]
[Source "ChessBase"]
[SourceQuality "1"]
[TimeControl "5400+30"]

1. d4 d5 2. Nf3 Nf6 3. c4 e6 4. g3 Bb4+ 5. Bd2 Be7 6. Bg2 c6 7. Qc2 O-O 8. O-O b6 9. Rd1 Nbd7 10. Bf4 Ba6 11. Ne5 Rc8 12. Qa4 Nb8 13. cxd5 b5 14. Qb3 cxd5 15. a3 Nfd7 16. Nc3 Nxe5 17. Bxe5 Qb6 18. e4 dxe4 19. Bxb8 Rxb8 20. Bxe4 Kh8 21. Bg2 Bb7 22. Bxb7 Rxb7 23. d5 e5 24. d6 Bxd6 25. Qxb5 Qxb5 26. Nxb5 Be7 27. Rd5 a6 28. Nc3 Rxb2 29. Ne4 f6 30. Rd7 Bd8 31. Rc1 Bb6 32. Rc6 h6 33. Kh1 f5 34. Nd6 f4 35. Nf7+ Kh7 36. gxf4 exf4 37. Nxh6 f3 38. h4 Rf4 0-1

[Event "VII Lorca Open 2018"]
[Site "Lorca"]
[Date "2018.12.27"]
[Round "3"]
[White "Redondo Benavente, Ana"]
[Black "Morozov, Nichita"]
[Result "1/2-1/2"]
[ECO "B07"]
[WhiteElo "2140"]
[BlackElo "2439"]
[Annotator "NA"]
[PlyCount "94"]
[EventDate "2018.12.26"]
[EventType "swiss"]
[EventCountry "ESP"]
[SourceTitle "playchess.com"]
[Source "ChessBase"]
[SourceQuality "1"]
[TimeControl "5400+30"]

1. e4 d6 2. d4 g6 3. Nf3 Nf6 4. Bd3 Bg7 5. c3 O-O 6. O-O c6 7. Nbd2 Nbd7 8. Re1 Qc7 9. a4 e5 10. Qc2 Re8 11. b3 Nf8 12. Ba3 Bg4 13. h3 Bxf3 14. Nxf3 Rad8 15. Rad1 Nh5 16. Bf1 Ne6 17. b4 Rc8 18. dxe5 dxe5 19. Re3 Bf8 20. Red3 Nf6 21. Bc1 a5 22. Qb3 c5 23. Re3 c4 24. Qb1 axb4 25. cxb4 c3 26. Qb3 c2 27. Rde1 Qd6 28. Bd3 Bh6 29. R3e2 Bxc1 30. Rxc1 Nf4 31. Rd2 Qxd3 32. Qxd3 Nxd3 33. Rxd3 Rc4 34. Nd2 Rc7 35. f3 Nh5 36. Nb3 Nf4 37. Rd2 Rec8 38. Na1 Rc4 39. Rcxc2 h5 40. h4 Ne6 41. Rxc4 Rxc4 42. Nc2 Nd4 43. Nxd4 exd4 44. Rb2 d3 45. Rd2 Rxb4 46. Rxd3 Rxa4 47. Rb3 Ra7 1/2-1/2

[Event "VII Lorca Open 2018"]
[Site "Lorca"]
[Date "2018.12.27"]
[Round "3"]
[White "Barrios Munoz, Antonio Oscar"]
[Black "Arjun Kalyan"]
[Result "0-1"]
[ECO "D11"]
[WhiteElo "2126"]
[BlackElo "2406"]
[Annotator "NA"]
[PlyCount "104"]
[EventDate "2018.12.26"]
[EventType "swiss"]
[EventCountry "ESP"]
[SourceTitle "playchess.com"]
[Source "ChessBase"]
[SourceQuality "1"]
[TimeControl "5400+30"]

1. Nf3 d5 2. g3 Bg4 3. Bg2 Nd7 4. d4 c6 5. Nbd2 Ngf6 6. O-O e6 7. c4 Be7 8. b3 O-O 9. Bb2 a5 10. h3 Bh5 11. g4 Bg6 12. Nh4 a4 13. Nxg6 hxg6 14. Qc2 Bb4 15. Nb1 b5 16. cxb5 cxb5 17. Qd3 Qb6 18. e3 a3 19. Bc3 Bd6 20. b4 Rfc8 21. Nd2 Bb8 22. Rfc1 Rc6 23. Nb3 Qc7 24. Bd2 Nb6 25. Rxc6 Qxc6 26. Na5 Qd7 27. Rb1 Nc4 28. Be1 g5 29. Kf1 Bd6 30. Bc3 Qe7 31. Nc6 Qb7 32. Ne5 Ne4 33. Nxc4 bxc4 34. Qc2 Nxc3 35. Qxc3 Qb5 36. Bf3 Ra4 37. Bd1 Rxb4 38. Rxb4 Bxb4 39. Qc2 Be7 40. f3 g6 41. Kf2 Kg7 42. Be2 Qb8 43. Kg2 Qb2 44. Bd1 Qb4 45. Kf2 Bd8 46. e4 Bb6 47. Be2 Bxd4+ 48. Kf1 Kf6 49. exd5 exd5 50. Bd1 Qb2 51. Ke2 Bc3 52. Ke3 d4+ 0-1

[Event "VII Lorca Open 2018"]
[Site "Lorca"]
[Date "2018.12.28"]
[Round "4"]
[White "Svetushkin, Dmitry"]
[Black "Roig Aguilar, Alejandro"]
[Result "1-0"]
[ECO "B51"]
[WhiteElo "2592"]
[BlackElo "2283"]
[Annotator "ChessBase"]
[PlyCount "38"]
[EventDate "2018.12.26"]
[EventType "swiss"]
[EventCountry "ESP"]
[SourceTitle "playchess.com"]
[Source "ChessBase"]
[SourceQuality "1"]
[TimeControl "5400+30"]

1. e4 c5 2. Nf3 d6 3. Bb5+ Nd7 4. c3 Ngf6 5. Qe2 a6 6. Ba4 b5 7. Bc2 Bb7 8. d4 e6 9. O-O Be7 10. Nbd2 Qc7 11. Bd3 O-O 12. b3 e5 13. d5 Nh5 14. g3 f5 15. exf5 Bxd5 16. c4 Bb7 17. Ne4 Qc6 18. Nfg5 Bxg5 19. Bxg5 Nhf6 1-0

[Event "VII Lorca Open 2018"]
[Site "Lorca"]
[Date "2018.12.28"]
[Round "4"]
[White "Ibarra Jerez, Jose Carlos"]
[Black "Bjerre, Jonas Buhl"]
[Result "1/2-1/2"]
[ECO "B47"]
[WhiteElo "2558"]
[BlackElo "2421"]
[Annotator "ChessBase"]
[PlyCount "31"]
[EventDate "2018.12.26"]
[EventType "swiss"]
[EventCountry "ESP"]
[SourceTitle "playchess.com"]
[Source "ChessBase"]
[SourceQuality "1"]
[TimeControl "5400+30"]

1. e4 c5 2. Ne2 Nc6 3. d4 cxd4 4. Nxd4 e6 5. Nc3 Qc7 6. g3 a6 7. Bg2 Nf6 8. O-O d6 9. Re1 Nxd4 10. Qxd4 Bd7 11. b3 Be7 12. Bb2 O-O 13. Nd1 b5 14. Ne3 Bc6 15. Rad1 Qb7 16. f3 1/2-1/2

[Event "VII Lorca Open 2018"]
[Site "Lorca"]
[Date "2018.12.28"]
[Round "4"]
[White "Pap, Misa"]
[Black "Merario Alarcon, Andres"]
[Result "1/2-1/2"]
[ECO "C56"]
[WhiteElo "2480"]
[BlackElo "2404"]
[Annotator "ChessBase"]
[PlyCount "30"]
[EventDate "2018.12.26"]
[EventType "swiss"]
[EventCountry "ESP"]
[SourceTitle "playchess.com"]
[Source "ChessBase"]
[SourceQuality "1"]
[TimeControl "5400+30"]

1. e4 e5 2. Nf3 Nc6 3. Bc4 Nf6 4. d4 exd4 5. e5 d5 6. Bb5 Ne4 7. Nxd4 Bd7 8. Bxc6 bxc6 9. O-O Be7 10. f3 Nc5 11. Be3 Na4 12. b3 Nb6 13. c3 c5 14. Ne2 a5 15. Nd2 O-O 1/2-1/2

[Event "VII Lorca Open 2018"]
[Site "Lorca"]
[Date "2018.12.28"]
[Round "4"]
[White "Nayhebaver, Martin"]
[Black "Grigoryan, Karen H."]
[Result "0-1"]
[ECO "B06"]
[WhiteElo "2460"]
[BlackElo "2557"]
[Annotator "ChessBase"]
[PlyCount "76"]
[EventDate "2018.12.26"]
[EventType "swiss"]
[EventCountry "ESP"]
[SourceTitle "playchess.com"]
[Source "ChessBase"]
[SourceQuality "1"]
[TimeControl "5400+30"]

1. e4 g6 2. d4 Bg7 3. Nc3 d6 4. f4 Nc6 5. Be3 Nf6 6. Be2 h5 7. h3 h4 8. Qd2 Nh5 9. Bxh5 Rxh5 10. O-O-O e6 11. Nge2 d5 12. g4 hxg3 13. Nxg3 Rh8 14. exd5 exd5 15. f5 gxf5 16. Qg2 Ne7 17. Bg5 Be6 18. Rhe1 Bh6 19. Nh5 Kd7 20. Kb1 Bxg5 21. Qxg5 Ng8 22. Rg1 Qxg5 23. Rxg5 Rh6 24. Ne2 Ne7 25. Nef4 Rah8 26. Re1 R8h7 27. Kc1 Nc8 28. c4 Ne7 29. cxd5 Nxd5 30. a3 f6 31. Rgg1 Rxh5 32. Nxe6 Re7 33. Nc5+ Kc6 34. Rxe7 Nxe7 35. Re1 Nd5 36. Rf1 b6 37. Ne6 f4 38. Kd2 Kd6 0-1

[Event "VII Lorca Open 2018"]
[Site "Lorca"]
[Date "2018.12.28"]
[Round "4"]
[White "Gomez Ledo, Roberto Carlos"]
[Black "Martin Duque, Jesus"]
[Result "1/2-1/2"]
[ECO "D00"]
[WhiteElo "2448"]
[BlackElo "2354"]
[Annotator "ChessBase"]
[PlyCount "30"]
[EventDate "2018.12.26"]
[EventType "swiss"]
[EventCountry "ESP"]
[SourceTitle "playchess.com"]
[Source "ChessBase"]
[SourceQuality "1"]
[TimeControl "5400+30"]

1. d4 Nf6 2. Bf4 d5 3. e3 c5 4. c3 Nc6 5. Nd2 e6 6. Bd3 Bd6 7. Bxd6 Qxd6 8. f4 Bd7 9. a3 Rc8 10. Ngf3 cxd4 11. cxd4 Ne7 12. Ne5 Qb6 13. O-O Bb5 14. Qb3 Bxd3 15. Qxd3 O-O 1/2-1/2

[Event "VII Lorca Open 2018"]
[Site "Lorca"]
[Date "2018.12.28"]
[Round "4"]
[White "Solozhenkin, Evgeniy"]
[Black "Redondo Benavente, Ana"]
[Result "1-0"]
[ECO "D30"]
[WhiteElo "2427"]
[BlackElo "2140"]
[Annotator "ChessBase"]
[PlyCount "49"]
[EventDate "2018.12.26"]
[EventType "swiss"]
[EventCountry "ESP"]
[SourceTitle "playchess.com"]
[Source "ChessBase"]
[SourceQuality "1"]
[TimeControl "5400+30"]

1. d4 d5 2. Nf3 e6 3. c4 a6 4. Bg5 Be7 5. Bxe7 Qxe7 6. Nbd2 Nf6 7. e3 O-O 8. Bd3 c5 9. dxc5 Qxc5 10. O-O Nc6 11. Rc1 Qe7 12. cxd5 Nxd5 13. Be4 Rd8 14. a3 e5 15. Qc2 g6 16. Nc4 Be6 17. Ncxe5 Nxe5 18. Nxe5 Rac8 19. Qe2 Rxc1 20. Rxc1 Bg4 21. Qxg4 Qxe5 22. Rd1 f5 23. Bxd5+ Kg7 24. Qd4 Rxd5 25. Qxd5 1-0

[Event "VII Lorca Open 2018"]
[Site "Lorca"]
[Date "2018.12.28"]
[Round "4"]
[White "Suarez Uriel, Adrian"]
[Black "Silva Lucena, Cristian"]
[Result "1-0"]
[ECO "B47"]
[WhiteElo "2386"]
[BlackElo "2197"]
[Annotator "NA"]
[PlyCount "69"]
[EventDate "2018.12.26"]
[EventType "swiss"]
[EventCountry "ESP"]
[SourceTitle "playchess.com"]
[Source "ChessBase"]
[SourceQuality "1"]
[TimeControl "5400+30"]

1. e4 c5 2. Nf3 e6 3. d4 cxd4 4. Nxd4 Nf6 5. Nc3 Nc6 6. a3 Qc7 7. Be3 a6 8. Be2 Be7 9. O-O O-O 10. f4 d6 11. Kh1 Nxd4 12. Qxd4 e5 13. Qd2 Be6 14. f5 Bd7 15. g4 Bc6 16. Bf3 Nd7 17. g5 f6 18. g6 hxg6 19. fxg6 f5 20. exf5 Bxf3+ 21. Rxf3 Qc6 22. Qd5+ Qxd5 23. Nxd5 Bf6 24. Rd1 e4 25. Rf4 Rac8 26. c3 Ne5 27. Rxe4 Bd8 28. Rf1 b5 29. h4 Rc4 30. Rxc4 Nxc4 31. Bg5 Nxb2 32. Bxd8 Rxd8 33. h5 Nc4 34. f6 gxf6 35. h6 1-0

[Event "VII Lorca Open 2018"]
[Site "Lorca"]
[Date "2018.12.28"]
[Round "4"]
[White "Low, Zhen Yu Cyrus"]
[Black "Romero Romero, Sebastian"]
[Result "1-0"]
[ECO "B33"]
[WhiteElo "2384"]
[BlackElo "2180"]
[Annotator "NA"]
[PlyCount "69"]
[EventDate "2018.12.26"]
[EventType "swiss"]
[EventCountry "ESP"]
[SourceTitle "playchess.com"]
[Source "ChessBase"]
[SourceQuality "1"]
[TimeControl "5400+30"]

1. e4 c5 2. Nf3 Nc6 3. d4 cxd4 4. Nxd4 Nf6 5. Nc3 e5 {[%emt 0:00:15] LiveBook: 15380 Games} 6. Ndb5 d6 7. Bg5 a6 8. Na3 b5 9. Bxf6 gxf6 10. Nd5 Bg7 11. c3 Ne7 12. Nc2 f5 {[%emt 0:07:50] B33: Sicilian: Pelikan and Sveshnikov Variations} 13. Nxe7 Qxe7 14. a4 Bb7 15. exf5 O-O 16. Ne3 Rad8 $146 ({Predecessor:} 16... b4 17. Bc4 bxc3 18. bxc3 Bh6 19. Qg4+ Kh8 20. Nd5 Qg5 21. Qxg5 Bxg5 22. O-O Bxd5 23. Bxd5 {½-½ (37) Guizar,C (2370)-Kostakiev,D (2498) ICCF email 2000}) 17. Nd5 Qh4 18. axb5 Qe4+ 19. Ne3 d5 20. Qg4 Qxg4 21. Nxg4 h5 22. f6 ({Much less strong is} 22. bxa6 Bxa6 23. f6 (23. Bxa6 hxg4 24. Be2 Rb8 $16) 23... Bh8 24. Nxe5 (24. Bxa6 hxg4 25. Be2 Bxf6 $16) 24... Bxf6) 22... Bh8 23. bxa6 Ba8 $2 24. Nxe5 Rfe8 25. f4 Bxf6 26. Bb5 Re6 27. O-O-O Be7 28. Rhe1 Bc5 29. Kc2 Rb6 30. Bd3 f6 {[%emt 0:00:07] [#]} 31. Nd7 $1 Rxd7 32. Re8+ Kg7 33. Rxa8 Re6 34. b4 Bb6 $18 35. Bb5 1-0

[Event "VII Lorca Open 2018"]
[Site "Lorca"]
[Date "2018.12.28"]
[Round "4"]
[White "Serarols Mabras, Bernat"]
[Black "Martinez Fernandez, Adrian"]
[Result "1/2-1/2"]
[ECO "E54"]
[WhiteElo "2371"]
[BlackElo "2212"]
[Annotator "NA"]
[PlyCount "162"]
[EventDate "2018.12.26"]
[EventType "swiss"]
[EventCountry "ESP"]
[SourceTitle "playchess.com"]
[Source "ChessBase"]
[SourceQuality "1"]
[TimeControl "5400+30"]

1. d4 Nf6 2. c4 e6 3. Nc3 Bb4 4. e3 O-O 5. Bd3 d5 6. Nf3 c5 7. O-O dxc4 8. Bxc4 cxd4 9. exd4 b6 10. Re1 Bb7 11. Bd3 h6 12. a3 Bxc3 13. bxc3 Qc7 14. c4 Nbd7 15. Qe2 Rfd8 16. Bb2 Ng4 17. h3 Bxf3 18. Qxf3 Qh2+ 19. Kf1 Ngf6 20. Qg3 Qxg3 21. fxg3 Rac8 22. Red1 Nb8 23. a4 Nc6 24. Bc3 Kf8 25. d5 exd5 26. Bf5 Rb8 27. Bxf6 gxf6 28. cxd5 Ne7 29. Be4 Rd6 30. Ra2 Rc8 31. g4 Rc4 32. Bf3 f5 33. Kf2 fxg4 34. hxg4 Ng6 35. Rb1 Ne5 36. a5 Nxg4+ 37. Kg3 Ne5 38. axb6 axb6 39. Ra6 Nxf3 40. Kxf3 Rxd5 41. Rbxb6 Rf5+ 42. Ke3 Re5+ 43. Kf3 h5 44. Rb2 Rf5+ 45. Kg3 Kg7 46. Raa2 Rg5+ 47. Kh2 Rgc5 48. Rf2 Rh4+ 49. Kg1 Rc7 50. Rf1 f6 51. Raf2 Rf7 52. Rf4 Rg4 53. Kh2 Kg6 54. Rxg4+ hxg4 55. g3 Ra7 56. Rf2 Kg5 57. Kg2 Ra3 58. Rb2 f5 59. Rb6 Ra2+ 60. Kg1 Ra7 61. Kg2 Rf7 62. Ra6 Rf6 63. Ra2 Rb6 64. Re2 Kf6 65. Kf2 Rb3 66. Kg2 Rb4 67. Ra2 Ke5 68. Re2+ Kd4 69. Kf2 Rb3 70. Rd2+ Rd3 71. Ra2 Rf3+ 72. Kg2 Rc3 73. Rf2 Rc5 74. Rf4+ Ke3 75. Kg1 Re5 76. Kg2 Ke2 77. Rf2+ Ke1 78. Rf1+ Kd2 79. Rf4 Ke2 80. Rf2+ {[%emt 0:00:21] Rd5 [%clk 0:05:33] Rf4 [%clk 0:02:27]} Ke3 81. Kg1 Ra5 {[%emt 0:00:00] Rf2 [%clk 0:02:19]} 1/2-1/2

[Event "VII Lorca Open 2018"]
[Site "Lorca"]
[Date "2018.12.28"]
[Round "4"]
[White "Ramiro Ovejero, Juan Luis"]
[Black "Barrios Munoz, Antonio Oscar"]
[Result "1/2-1/2"]
[ECO "B07"]
[WhiteElo "2358"]
[BlackElo "2126"]
[Annotator "NA"]
[PlyCount "124"]
[EventDate "2018.12.26"]
[EventType "swiss"]
[EventCountry "ESP"]
[SourceTitle "playchess.com"]
[Source "ChessBase"]
[SourceQuality "1"]
[TimeControl "5400+30"]

1. e4 d6 2. d4 Nf6 3. Nc3 Nbd7 4. g4 h6 5. h3 c6 6. a4 e5 7. Nge2 Be7 8. Bg2 Qc7 9. O-O g5 10. f4 gxf4 11. Nxf4 exf4 12. Bxf4 a5 13. Qd2 Qb6 14. Kh1 Ng8 15. Rae1 Nf8 16. e5 d5 17. Nd1 Ng6 18. Bg3 Be6 19. Ne3 Bg5 20. Qd3 Bxe3 21. Rxe3 Qxb2 22. Qd2 Qb6 23. Rb3 Qc7 24. Rfb1 Ra7 25. Bf1 N8e7 26. Rf3 h5 27. g5 h4 28. Bh2 Qd7 29. Bd3 Bxh3 30. e6 Bxe6 31. Re1 Kd8 32. Rf6 Rg8 33. Qc3 Nf8 34. Qc5 Nc8 35. g6 b6 36. gxf7 Qxf7 37. Rxf7 bxc5 38. Rxf8+ Rxf8 39. Rxe6 c4 40. Bg6 Kd7 41. Re5 Ne7 42. Bh5 Rg8 43. Bf7 Rg7 44. Be6+ Ke8 45. Rh5 Ng6 46. Bd6 Rab7 47. Rf5 Rb1+ 48. Kh2 Re1 49. Rf6 Re2+ 50. Kh3 Re3+ 51. Kh2 Ne7 52. Rh6 Rxe6 53. Rxe6 Kd7 54. Rf6 Rg4 55. Be5 Re4 56. Rd6+ Ke8 57. Kh3 c5 58. c3 cxd4 59. Bxd4 Kf7 60. Rf6+ Ke8 61. Rd6 Kf7 62. Rf6+ Ke8 1/2-1/2

[Event "VII Lorca Open 2018"]
[Site "Lorca"]
[Date "2018.12.28"]
[Round "4"]
[White "Orantes Taboada, Francisco"]
[Black "Tejedor Fuente, Enrique"]
[Result "1-0"]
[ECO "D02"]
[WhiteElo "2295"]
[BlackElo "2428"]
[Annotator "ChessBase"]
[PlyCount "113"]
[EventDate "2018.12.26"]
[EventType "swiss"]
[EventCountry "ESP"]
[SourceTitle "playchess.com"]
[Source "ChessBase"]
[SourceQuality "1"]
[TimeControl "5400+30"]

1. Nf3 d5 2. g3 Nf6 3. Bg2 Nbd7 4. d4 c5 5. O-O cxd4 6. Qxd4 e6 7. Nbd2 Bc5 8. Qh4 Be7 9. Qd4 Bc5 10. Qh4 O-O 11. c4 Be7 12. Qd4 e5 13. Nxe5 Bc5 14. Qf4 Bd6 15. Nxf7 Bxf4 16. Nxd8 Bxd2 17. Ne6 Nb6 18. Nxf8 Bxc1 19. Raxc1 dxc4 20. Nxh7 Kxh7 21. Rfd1 Be6 22. Bxb7 Rb8 23. Bf3 Na4 24. Rd6 Rb6 25. Rxb6 axb6 26. b3 cxb3 27. axb3 Bxb3 28. e4 Nc5 29. Rb1 Nfd7 30. Bd1 Ba2 31. Rb4 Bf7 32. f4 Nd3 33. Rd4 N7c5 34. Be2 Nc1 35. Bb5 N1b3 36. Rd6 Nxe4 37. Rxb6 Bg6 38. Bc6 Nbd2 39. Kg2 Nc4 40. Rb4 Ned6 41. Kf2 Bf7 42. g4 Be6 43. f5 Ne5 44. fxe6 Nd3+ 45. Ke3 Nxb4 46. Kd4 Nxc6+ 47. Kd5 Ne8 48. Kxc6 Kg8 49. g5 Kf8 50. Kd7 g6 51. e7+ Kf7 52. h3 Ng7 53. h4 Ne8 54. h5 Ng7 55. h6 Ne8 56. h7 Nf6+ 57. gxf6 1-0

[Event "VII Lorca Open 2018"]
[Site "Lorca"]
[Date "2018.12.28"]
[Round "4"]
[White "Terbe, Julianna"]
[Black "Vazquez Igarza, Renier"]
[Result "1-0"]
[ECO "D02"]
[WhiteElo "2272"]
[BlackElo "2570"]
[Annotator "ChessBase"]
[PlyCount "77"]
[EventDate "2018.12.26"]
[EventType "swiss"]
[EventCountry "ESP"]
[SourceTitle "playchess.com"]
[Source "ChessBase"]
[SourceQuality "1"]
[TimeControl "5400+30"]

1. d4 Nf6 2. Nf3 d5 3. Bf4 c5 4. e3 Nc6 5. c3 Qb6 6. Qc2 Nh5 7. Be5 f6 8. dxc5 Qxc5 9. Bd4 Qa5 10. e4 Nxd4 11. Nxd4 Bd7 12. g3 Rc8 13. Be2 g6 14. Nb3 Qc7 15. exd5 Qe5 16. Qd3 Bh6 17. O-O Bf5 18. Qb5+ Bd7 19. Qd3 Bf5 20. Qb5+ Kf7 21. Bf3 Nf4 22. gxf4 Bxf4 23. Qe2 Bxh2+ 24. Kg2 h5 25. Qxe5 Bxe5 26. N1d2 g5 27. Be4 Bd7 28. Nf3 Bf4 29. Nbd4 h4 30. Bf5 Rcd8 31. Ne6 Rdg8 32. Kh3 Ke8 33. Rg1 Bd6 34. Nfd4 Be5 35. Rad1 Rh5 36. Rg4 Bc8 37. c4 Kf7 38. c5 Rhh8 39. b4 1-0

[Event "VII Lorca Open 2018"]
[Site "Lorca"]
[Date "2018.12.28"]
[Round "4"]
[White "Jimenez Ruano, Adrian"]
[Black "Medarde Santiago, Luis Marcos"]
[Result "0-1"]
[ECO "E90"]
[WhiteElo "2245"]
[BlackElo "2386"]
[Annotator "NA"]
[PlyCount "90"]
[EventDate "2018.12.26"]
[EventType "swiss"]
[EventCountry "ESP"]
[SourceTitle "playchess.com"]
[Source "ChessBase"]
[SourceQuality "1"]
[TimeControl "5400+30"]

1. d4 Nf6 2. c4 g6 3. Nc3 Bg7 4. e4 d6 5. h3 O-O 6. Nf3 e5 7. d5 Nh5 8. g3 Qe8 9. Be2 f5 10. exf5 gxf5 11. Ng5 Nf6 12. Be3 Na6 13. Qd2 Nc5 14. O-O-O h6 15. Nf3 Nfe4 16. Nxe4 Nxe4 17. Qc2 c6 18. Nd2 Nf6 19. Nb3 cxd5 20. cxd5 Bd7 21. Qd2 a5 22. Kb1 a4 23. Na5 Bb5 24. Nc4 Ne4 25. Qb4 a3 26. b3 Rc8 27. Bb6 Bxc4 28. Bxc4 Nc5 29. Bxc5 Rxc5 30. Qb6 Qg6 31. Qxb7 f4+ 32. Kc1 fxg3 33. Qe7 Bf6 34. Qe6+ Kh8 35. h4 gxf2 36. Rhf1 Qg3 37. Rd2 Bg7 38. Qxd6 Qe3 39. Kd1 Rcc8 40. Qxa3 Rxc4 41. d6 Rd4 42. Qc1 Rd8 43. Rxd4 exd4 44. Qxe3 dxe3 45. Ke2 Bd4 {[%emt 0:00:00] Ke1 [%clk 0:00:00]} 0-1

[Event "VII Lorca Open 2018"]
[Site "Lorca"]
[Date "2018.12.28"]
[Round "4"]
[White "Kovacevic, Slobodan"]
[Black "Plaskett, H James"]
[Result "1/2-1/2"]
[ECO "D02"]
[WhiteElo "2245"]
[BlackElo "2454"]
[Annotator "ChessBase"]
[PlyCount "45"]
[EventDate "2018.12.26"]
[EventType "swiss"]
[EventCountry "ESP"]
[SourceTitle "playchess.com"]
[Source "ChessBase"]
[SourceQuality "1"]
[TimeControl "5400+30"]

1. d4 Nf6 2. Nf3 d5 3. Bf4 e6 4. Nbd2 c5 5. e3 Nc6 6. c3 Bd6 7. Bg3 O-O 8. Bd3 b6 9. Ne5 Bb7 10. f4 Ne8 11. O-O Ne7 12. Qg4 f5 13. Qh3 Nf6 14. Bh4 Qe8 15. Be2 Rc8 16. Ndf3 Ne4 17. Ng5 Nxg5 18. Bxg5 Rc7 19. a4 a5 20. Bb5 Qc8 21. Bxe7 Rxe7 22. Qf3 Bxe5 23. Be2 1/2-1/2

[Event "VII Lorca Open 2018"]
[Site "Lorca"]
[Date "2018.12.28"]
[Round "4"]
[White "Bharath Subramaniyam H"]
[Black "Alshameary Puente, Ismael"]
[Result "1-0"]
[ECO "C77"]
[WhiteElo "2234"]
[BlackElo "2444"]
[Annotator "ChessBase"]
[PlyCount "91"]
[EventDate "2018.12.26"]
[EventType "swiss"]
[EventCountry "ESP"]
[SourceTitle "playchess.com"]
[Source "ChessBase"]
[SourceQuality "1"]
[TimeControl "5400+30"]

1. e4 e5 2. Nf3 Nc6 3. Bb5 a6 4. Ba4 Nf6 5. Qe2 b5 6. Bb3 Bc5 7. c3 O-O 8. d3 Re8 9. h3 d5 10. O-O h6 11. Nbd2 Be6 12. Rd1 Qd7 13. Nf1 d4 14. Ng3 a5 15. Bxe6 Rxe6 16. cxd4 Nxd4 17. Nxd4 Bxd4 18. Nf5 a4 19. Be3 c5 20. Rac1 Rc8 21. Rc2 Kh7 22. Rdc1 Rec6 23. Qf3 Qe6 24. a3 Ng8 25. Qg4 g6 26. Nxd4 Qxg4 27. hxg4 exd4 28. Bxd4 Rd6 29. Bxc5 Rxd3 30. Bb4 Rxc2 31. Rxc2 Nf6 32. f3 Nd7 33. Rc7 g5 34. Rb7 Kg6 35. Rxb5 f6 36. Bc3 Rd6 37. Kf2 Kf7 38. Ke3 Ke6 39. Rb4 Ra6 40. g3 Kd6 41. f4 Kc6 42. Rc4+ Kb5 43. Rc7 Rd6 44. Bd4 Nf8 45. Rf7 Nd7 46. e5 1-0

[Event "VII Lorca Open 2018"]
[Site "Lorca"]
[Date "2018.12.28"]
[Round "4"]
[White "Aguilera Lopez, Alejandro"]
[Black "Sabuk, Piotr"]
[Result "0-1"]
[ECO "D03"]
[WhiteElo "2198"]
[BlackElo "2391"]
[Annotator "NA"]
[PlyCount "82"]
[EventDate "2018.12.26"]
[EventType "swiss"]
[EventCountry "ESP"]
[SourceTitle "playchess.com"]
[Source "ChessBase"]
[SourceQuality "1"]
[TimeControl "5400+30"]

1. d4 d5 2. Nf3 Nf6 3. Bg5 Ne4 4. Bh4 c5 5. e3 Qb6 6. c4 Qxb2 7. Nbd2 Nc3 8. Qc1 Qxc1+ 9. Rxc1 Nxa2 10. Rb1 e6 11. cxd5 exd5 12. Bb5+ Nc6 13. Ne5 Nc3 14. Bxc6+ bxc6 15. Rb3 Nb5 16. Nxc6 a6 17. dxc5 Bxc5 18. O-O Bd7 19. Ne5 Be6 20. Rc1 Bd6 21. Ndf3 d4 22. Rd3 dxe3 23. Rxe3 O-O 24. Ng5 Bd5 25. Rd1 Bb7 26. Ngxf7 Rxf7 27. Nxf7 Kxf7 28. Bg3 Bxg3 29. Rd7+ Kf6 30. Rxg3 Be4 31. Rgxg7 Bg6 32. h4 a5 33. h5 Be8 34. Rb7 a4 35. Rg8 Nc3 36. Rf8+ Ke6 37. Rc7 Ne2+ 38. Kh2 a3 39. Rc2 Nd4 40. Rd2 Ke7 41. Rf4 Ne6 0-1

[Event "VII Lorca Open 2018"]
[Site "Lorca"]
[Date "2018.12.28"]
[Round "4"]
[White "Sanchez Jerez, Emilio Miguel"]
[Black "Mingarro Carceller, Sergi"]
[Result "1-0"]
[ECO "B23"]
[WhiteElo "2193"]
[BlackElo "2361"]
[Annotator "NA"]
[PlyCount "51"]
[EventDate "2018.12.26"]
[EventType "swiss"]
[EventCountry "ESP"]
[SourceTitle "playchess.com"]
[Source "ChessBase"]
[SourceQuality "1"]
[TimeControl "5400+30"]

1. e4 c5 2. Nc3 d6 3. f4 Nc6 4. Nf3 g6 5. Bb5 Bd7 6. O-O Bg7 7. d3 Nf6 8. Bxc6 Bxc6 9. Qe1 Nd7 10. f5 Ne5 11. Nxe5 Bxe5 12. Bf4 Bg7 13. Kh1 gxf5 14. exf5 Bxc3 15. Qxc3 Rg8 16. Bg3 h5 17. Qc4 Qd7 18. Qh4 O-O-O 19. Qxh5 Rh8 20. Qxf7 Rdg8 21. Kg1 Rg5 22. Rae1 Kd8 23. Rf2 Rhg8 24. c4 R5g7 25. Qe6 Rf8 26. f6 1-0